details: 'Remindstrat'

« prev index next »

General information

Mini Map

Players

team 1
NightElfYEAHSHESASSBATS (pink | 106 APM | 1755 actions | 16:31)
Hero icon 3 Beastmaster
Ability icon 2 Summon Quilbeast
Ability icon 1 Summon Hawk
Hero icon 3 Pandaren Brewmaster
Ability icon 2 Breath of Fire
Ability icon 1 Drunken Haze

» actions
Assign group hotkey32
Basic commands133
Build / train57
Enter build submenu19
Enter hero's abilities submenu6
Give item / drop item3
Right click745
Select / deselect431
Select group hotkey215
Use ability114
1755 total
» units
Wisp21
Dryad9
Faerie Dragon2
Druid of the Talon2
34 total
» upgrades
Abolish Magic1
Strength of the Wild1
2 total
» buildings
Hunter's Hall1
Moon Well4
Altar of Elders1
Ancient Protector1
Tree of Ages1
Ancient of Lore1
Ancient of Wonders1
Tree of Eternity1
Ancient of Wind1
12 total
» build order
00:04 Hunter's Hall
00:06 Moon Well
01:05 Altar of Elders
01:42 Ancient Protector
02:11 Moon Well
03:08 Tree of Ages
04:22 Moon Well
05:50 Ancient of Lore
05:53 Ancient of Wonders
07:24 Tree of Eternity
08:39 Ancient of Wind
12:02 Moon Well
» items
Scroll of Town Portal1
Staff of Preservation2
Orb of Venom1
Lesser Clarity Potion3
Potion of Healing2
Potion of Mana1
10 total
team 2
Undead298739283939208 (yellow | 123 APM | 2027 actions | 16:30)
Hero icon 1 Death Knight
Ability icon 1 Death Coil
Hero icon 1 Lich
Ability icon 1 Frost Nova

» actions
Assign group hotkey83
Basic commands2
Build / train37
Enter build submenu10
Enter hero's abilities submenu2
Give item / drop item2
Right click981
Select / deselect274
Select group hotkey575
Use ability61
2027 total
» units
Acolyte8
Ghoul9
Gargoyle6
23 total
» buildings
Crypt2
Altar of Darkness1
Ziggurat3
Tomb of Relics2
Nerubian Tower1
Halls of the Dead1
Graveyard1
Spirit Tower1
12 total
» build order
00:07 Crypt
00:10 Altar of Darkness
00:34 Ziggurat
00:54 Tomb of Relics
02:46 Nerubian Tower
03:12 Halls of the Dead
03:59 Ziggurat
05:22 Graveyard
05:57 Crypt
06:02 Ziggurat
09:33 Tomb of Relics
13:52 Spirit Tower
» items
Rod of Necromancy1
Dust of Appearance1
Boots of Speed1
Staff of Teleportation1
Potion of Healing1
5 total